Map: Lerilak Crest

Players

Nerchio

  • Race: Zerg Zerg
  • League: Grandmaster

Zanster - Winner!

  • Race: Zerg Zerg

Event: 2016 WCS Winter Challenger Europe

VOD

Have the link to the VOD?

Description

Time

  • Played on: Feb. 13, 2016, 10:17 a.m.
  • Length: 11:00

All games in this series

Show
View Real Time Build Order
Export as new Build Order

Nerchio Zerg 

Build Orders: Pool First 

Get SALT Encoding   

  12  0:00  Drone  
  13  0:12  Drone  
  14  0:15  Extractor  
  14  0:16  Drone  
  14  0:32  Spawning Pool  
  13  0:36  Drone  
  13  0:42  Extractor  
  13  0:44  Drone  
  15  0:52  Overlord  
  15  1:19  Metabolic Boost, Queen  
  15  1:20  Zergling x2  
  15  1:23  Zergling x2  
  19  1:26  Zergling x2  
  19  1:31  Zergling x2  
  21  1:42  Overlord  
  21  1:53  Zergling x2  
  22  2:02  Hatchery  
  22  2:05  Zergling x2  
  22  2:15  Queen  
  22  2:19  Zergling x2  
  25  2:29  Zergling x4  
  27  2:34  Overlord  
  26  2:49  Drone x2  
  26  2:51  Drone  
  28  3:01  Drone x3  
  28  3:03  Drone  
  32  3:14  Overlord  
  32  3:15  Drone  
  33  3:25  Drone x2  
  35  3:30  Roach Warren  
  35  3:32  Drone  
  35  3:33  Drone  
  36  3:37  Drone  
  37  3:48  Spine Crawler  
  36  3:50  Drone x3  
  39  3:56  Drone  
  39  3:57  Extractor  
  39  3:58  Drone  
  39  4:01  Drone  
  42  4:02  Drone  
  42  4:06  Drone  
  42  4:07  Drone  
  43  4:10  Drone  
  43  4:12  Drone  
  43  4:15  Drone  
  46  4:18  Overlord  
  46  4:22  Drone  
  47  4:25  Overlord  
  47  4:30  Roach  
  49  4:31  Roach  
  49  4:35  Overlord  
  51  4:38  Roach  
  51  4:40  Roach  
  51  4:44  Roach  
  57  4:46  Drone  
  57  4:47  Drone  
  59  4:58  Hatchery  
  58  5:03  Drone x2  
  60  5:11  Evolution Chamber  
  60  5:13  Drone x3, Extractor  
  61  5:15  Roach x2  
  61  5:18  Roach  
  67  5:26  Ravager x4  
  67  5:27  Drone x3  
  74  5:28  Drone  
  74  5:31  Overlord  
  74  5:35  Overlord  
  74  5:40  Extractor  
  74  5:42  Overlord  
  73  5:49  Zerg Missile Weapons Level 1  
  73  5:53  Lair  
  73  6:00  Roach x2  
  75  6:05  Roach  
  75  6:07  Roach  
  75  6:10  Roach  
  78  6:12  Roach  
  78  6:15  Queen x2, Roach  
  86  6:25  Drone x5  
  91  6:28  Roach  
  91  6:29  Roach  
  97  6:32  Roach  
  97  6:34  Roach  
  97  6:38  Overlord  
  99  6:42  Roach  
  99  6:44  Overlord  
  102  6:47  Drone x2  
  102  6:48  Drone  
  102  6:50  Drone  
  102  6:53  Glial Reconstitution  
  105  6:55  Overlord  
  105  7:01  Roach x2  
  109  7:06  Overseer, Roach x2  
  113  7:10  Drone  
  113  7:11  Drone x2  
  113  7:12  Drone  
  113  7:13  Drone  
  118  7:17  Drone  
  118  7:18  Drone x2  
  118  7:19  Drone  
  122  7:25  Extractor  
  122  7:28  Roach x4  
  129  7:33  Evolution Chamber  
  129  7:35  Overlord  
  129  7:36  Overlord  
  128  7:41  Overlord, Hydralisk Den  
  128  7:43  Overlord  
  127  7:47  Extractor, Roach  
  127  7:48  Roach  
  130  7:51  Overlord  
  130  7:58  Spore Crawler  
  129  8:02  Roach x5  
  129  8:04  Roach  
  132  8:05  Roach  
  132  8:08  Spore Crawler  
  132  8:10  Drone x2  
  132  8:11  Drone  
  134  8:14  Drone x2  
  134  8:19  Overlord x2  
  136  8:23  Overlord  
  136  8:24  Overlord  
  136  8:29  Overlord  
  136  8:34  Roach x3  
  142  8:41  Hydralisk x2  
  140  8:43  Hydralisk  
  140  8:48  Muscular Augments  
  146  8:51  Hydralisk  
  146  8:53  Spore Crawler  
  146  8:55  Hydralisk  
  146  8:57  Hydralisk  
  145  9:06  Zerg Ground Armor Level 1  
  145  9:08  Hydralisk  
  147  9:15  Drone x4  
  147  9:16  Roach  
  149  9:20  Roach  
  149  9:21  Roach  
  149  9:24  Roach x2  
  149  9:26  Roach  
  149  9:29  Overlord  
  153  9:32  Roach  
  144  9:38  Roach  
  144  9:39  Roach  
  146  9:45  Drone  
  146  9:49  Queen  
  146  9:51  Drone x2  
  146  9:54  Roach  
  146  9:58  Roach  
  146  10:00  Roach  
  146  10:04  Hydralisk  
  149  10:12  Hydralisk x2  
  153  10:18  Ravager x7  
  160  10:22  Roach  
  160  10:24  Roach  
  160  10:26  Roach  
  166  10:29  Ravager x2  
  166  10:33  Roach  
  166  10:35  Roach x2  
  171  10:40  Roach x2  
Show
View Real Time Build Order
Export as new Build Order

Zanster Zerg - Winner!

Build Orders: Pool First 

Get SALT Encoding   

  12  0:01  Drone  
  13  0:12  Overlord  
  13  0:17  Drone  
  14  0:30  Drone x2  
  14  0:35  Drone  
  17  0:45  Spawning Pool  
  17  0:47  Drone  
  17  0:56  Drone  
  18  1:12  Hatchery  
  18  1:13  Drone  
  18  1:21  Drone, Extractor  
  18  1:31  Queen  
  18  1:32  Zergling x2  
  21  1:41  Roach Warren  
  20  1:48  Zergling x2  
  20  1:52  Overlord  
  21  2:02  Zergling x2  
  22  2:09  Queen  
  24  2:22  Roach x2  
  28  2:26  Roach  
  29  2:36  Roach  
  29  2:37  Roach  
  32  2:51  Drone x3  
  32  2:53  Overlord  
  35  3:06  Overlord  
  35  3:14  Roach  
  35  3:19  Drone  
  38  3:21  Drone  
  38  3:23  Drone  
  40  3:28  Drone x4  
  40  3:32  Drone  
  45  3:34  Drone  
  45  3:37  Drone  
  45  3:40  Drone  
  48  3:43  Drone  
  48  3:47  Drone  
  50  3:52  Evolution Chamber  
  50  3:53  Drone  
  50  4:01  Drone  
  51  4:03  Overlord x2  
  51  4:07  Extractor  
  48  4:10  Drone x2  
  50  4:18  Zerg Missile Weapons Level 1  
  50  4:20  Drone  
  51  4:28  Drone x2  
  51  4:30  Lair  
  51  4:31  Drone x2  
  54  4:33  Drone  
  54  4:35  Drone  
  57  4:40  Drone x2  
  57  4:45  Drone, Extractor  
  59  4:48  Drone x2  
  59  4:51  Overlord  
  61  5:01  Drone x3  
  61  5:03  Drone  
  61  5:04  Overlord, Extractor  
  64  5:15  Roach x5  
  64  5:18  Overlord  
  74  5:32  Hatchery, Glial Reconstitution  
  74  5:33  Drone  
  74  5:36  Overlord  
  74  5:41  Spire  
  73  5:43  Overlord  
  73  5:50  Roach  
  73  5:51  Roach  
  73  5:52  Roach  
  73  5:54  Overlord  
  79  5:58  Overlord  
  79  6:06  Roach x3  
  83  6:11  Roach x2  
  83  6:16  Roach x3  
  87  6:23  Overlord  
  87  6:24  Zerg Missile Weapons Level 2  
  87  6:28  Roach  
  87  6:32  Overlord  
  89  6:34  Overseer  
  89  6:36  Roach  
  90  6:46  Roach x5  
  100  6:51  Roach  
  102  6:54  Roach x2  
  106  7:05  Drone x5  
  108  7:09  Queen  
  108  7:14  Overlord  
  110  7:18  Extractor  
  110  7:19  Mutalisk  
  110  7:20  Mutalisk  
  110  7:22  Extractor  
  112  7:32  Mutalisk x3  
  118  7:41  Drone x2  
  118  7:42  Drone  
  121  7:46  Overlord  
  121  7:50  Overlord  
  121  7:52  Overlord  
  121  7:55  Overlord  
  121  7:56  Drone  
  116  8:06  Mutalisk x4  
  116  8:12  Mutalisk  
  124  8:15  Mutalisk  
  124  8:19  Drone  
  129  8:21  Drone x3  
  129  8:24  Overlord  
  129  8:26  Roach x2  
  136  8:30  Roach  
  136  8:31  Roach  
  140  8:39  Roach  
  140  8:40  Roach x3  
  148  8:46  Zerg Ground Armor Level 1, Drone  
  148  8:47  Drone  
  150  8:55  Overlord  
  150  8:59  Roach x4  
  158  9:06  Roach x2  
  158  9:07  Overlord  
  158  9:09  Overlord  
  162  9:15  Overlord  
  160  9:27  Roach x6  
  168  9:31  Overlord  
  168  9:35  Roach x3  
  174  9:41  Roach x3  
  174  9:48  Ravager x4  
  174  9:51  Roach x3  
  170  10:01  Roach x5  
  170  10:03  Ravager  
  170  10:04  Ravager x2  
  170  10:06  Roach x2  
  185  10:11  Ravager x2  
  185  10:13  Roach x2  
  191  10:18  Roach x2  
  191  10:19  Ravager x2  
  191  10:20  Ravager  
Tags
 
Add a new tag
Caveats
  • Supply blocks, unpowered buildings, or Contaminate may cause inaccurate times.
  • Supply counts are checked every 10 seconds.